| TOP OF THE 1ST |
|
Jacksonville Suns batting - Pitching for Reading Fightin Phils : RHP Seizaburo Takahashi
|
|
Pitching: RHP Seizaburo Takahashi
|
|
|
Batting: RHB Akira Suzuki
|
0-0: Ball 1-0: Foul Ball, location: 2F 1-1: Ball 2-1: Ball 3-1: Base on Balls
|
|
Batting: RHB Boof Howell
|
0-0: Called Strike 0-1: Ball 1-1: Ball 2-1: Foul Ball, location: 2F 2-2: Ball 3-2: Fielders Choice at 2nd, 4-6 (Groundball, 34, EV 102.5 MPH)
|
|
Batting: SHB Matt Moore
|
0-0: Ball 1-0: Called Strike 1-1: Ball 2-1: Ball 3-1: Foul Ball, location: 2F 3-2: Strikes out swinging Boof Howell is caught stealing 2nd base 2-6 Batter strikes out.
|
| Top of the 1st over - 0 runs, 0 hits, 0 errors, 0 left on base; Jacksonville 0 - Reading 0 |
| BOTTOM OF THE 1ST |
|
Reading Fightin Phils batting - Pitching for Jacksonville Suns : RHP Eric Stevenson
|
|
Pitching: RHP Eric Stevenson
|
|
|
Batting: RHB Tony Perez
|
0-0: Foul Ball, location: 2F 0-1: Fly out, F6 (Line Drive, 6MD, EV 71.2 MPH)
|
|
Batting: RHB Chris Myers
|
0-0: Ball 1-0: Ball 2-0: Fly out, F7 (Flyball, 7, EV 88.1 MPH)
|
|
Batting: RHB Alan Weller
|
0-0: Ball 1-0: Ball 2-0: Ball 3-0: Base on Balls
|
|
Batting: RHB Guan-pei Gao
|
0-0: Swinging Strike 0-1: Ball 1-1: Ball 2-1: Foul Ball, location: 2F 2-2: DOUBLE (Flyball, 8LXD, EV 110.6 MPH) Alan Weller to third
|
|
Batting: RHB Pablo Lopez
|
0-0: Ball 1-0: Called Strike 1-1: Ball 2-1: Foul Ball, location: 2F 2-2: Foul Ball, location: 2F 2-2: Ball Wild Pitch! Alan Weller scores Guan-pei Gao to third 3-2: Fly out, F8 (Flyball, 89D, EV 90.0 MPH)
|
| Bottom of the 1st over - 1 run, 1 hit, 0 errors, 1 left on base; Jacksonville 0 - Reading 1 |
| TOP OF THE 2ND |
|
Jacksonville Suns batting - Pitching for Reading Fightin Phils : RHP Seizaburo Takahashi
|
|
Batting: LHB Dong-u Chang
|
0-0: Foul Ball, location: 2F 0-1: Ball 1-1: Swinging Strike 1-2: Ball 2-2: Strikes out swinging
|
|
Batting: RHB Miguel Velasco
|
0-0: Swinging Strike 0-1: Ball 1-1: Ground out 4-3 (Groundball, 4, EV 83.8 MPH)
|
|
Batting: RHB Tom Thompson
|
0-0: Ball 1-0: Ball 2-0: Ground out 5-3 (Groundball, 5L, EV 81.9 MPH)
|
| Top of the 2nd over - 0 runs, 0 hits, 0 errors, 0 left on base; Jacksonville 0 - Reading 1 |
| BOTTOM OF THE 2ND |
|
Reading Fightin Phils batting - Pitching for Jacksonville Suns : RHP Eric Stevenson
|
|
Batting: LHB Alex Fernandez
|
0-0: Ball 1-0: Foul Ball, location: 2F 1-1: Ball 2-1: DOUBLE (Flyball, 89D, EV 103.1 MPH)
|
|
Batting: RHB Jose Corral
|
0-0: Called Strike 0-1: Ball 1-1: Ball 2-1: Foul Ball, location: 2F 2-2: Ball 3-2: Foul Ball, location: 2F 3-2: Strikes out swinging
|
|
Batting: RHB Prabhukumar Santhanakrishnan
|
0-0: Swinging Strike 0-1: Ball 1-1: SINGLE (Line Drive, 34D, EV 96.9 MPH) Alex Fernandez to third Runner from 3rd tries for Home, SAFE, throw by RF to home
|
|
Batting: LHB Doug Frampton
|
0-0: Called Strike Prabhukumar Santhanakrishnan steals 2nd, throwing error, E2 Prabhukumar Santhanakrishnan to third 0-1: Foul Ball, location: 2F 0-2: Ball 1-2: Ball 2-2: Strikes out looking
|
|
Batting: RHB Tony Perez
|
0-0: Ball 1-0: Called Strike 1-1: Fly out, F8 (Line Drive, 8LD, EV 91.9 MPH)
|
| Bottom of the 2nd over - 1 run, 2 hits, 1 error, 1 left on base; Jacksonville 0 - Reading 2 |
| TOP OF THE 3RD |
|
Jacksonville Suns batting - Pitching for Reading Fightin Phils : RHP Seizaburo Takahashi
|
|
Batting: RHB Len Graham
|
0-0: Foul Ball, location: 2F 0-1: Fly out, F8 (Flyball, 89S, EV 87.5 MPH)
|
|
Batting: LHB Orlando Rivera
|
0-0: Called Strike 0-1: Foul Ball, location: 2F 0-2: Ball 1-2: Strikes out swinging
|
|
Batting: LHB Emilio Cordero
|
0-0: Called Strike 0-1: Foul Ball, location: 2F 0-2: Foul Ball, location: 2F 0-2: Foul Ball, location: 2F 0-2: Strikes out looking
|
| Top of the 3rd over - 0 runs, 0 hits, 0 errors, 0 left on base; Jacksonville 0 - Reading 2 |
| BOTTOM OF THE 3RD |
|
Reading Fightin Phils batting - Pitching for Jacksonville Suns : RHP Eric Stevenson
|
|
Batting: RHB Chris Myers
|
0-0: SINGLE (Groundball, 34S, EV 68.8 MPH) (infield hit)
|
|
Batting: RHB Alan Weller
|
0-0: Ball 1-0: Foul Ball, location: 2F 1-1: Foul Ball, location: 2F 1-2: Ball 2-2: Foul Ball, location: 2F 2-2: Ball 3-2: Foul Ball, location: 2F 3-2: Strikes out swinging
|
|
Batting: RHB Guan-pei Gao
|
0-0: Ball 1-0: Called Strike 1-1: Ball Wild Pitch! Chris Myers to second 2-1: Fly out, F8 (Flyball, 8RM, EV 95.6 MPH)
|
|
Batting: RHB Pablo Lopez
|
0-0: Called Strike 0-1: Called Strike 0-2: Ball 1-2: Foul Ball, location: 2F 1-2: Foul Ball, location: 2F 1-2: SINGLE (Line Drive, 4M, EV 95.0 MPH) Chris Myers to third Runner from 3rd tries for Home, SAFE, throw by CF to home
|
|
Batting: LHB Alex Fernandez
|
Pickoff Play to 1st, Runner tries for 2nd, OUT after rundown.
|
| Bottom of the 3rd over - 1 run, 2 hits, 0 errors, 0 left on base; Jacksonville 0 - Reading 3 |
| TOP OF THE 4TH |
|
Jacksonville Suns batting - Pitching for Reading Fightin Phils : RHP Seizaburo Takahashi
|
|
Batting: RHB Akira Suzuki
|
0-0: Swinging Strike 0-1: Foul Ball, location: 2F 0-2: Ball 1-2: Strikes out swinging
|
|
Batting: RHB Boof Howell
|
0-0: Called Strike 0-1: Ball 1-1: Foul Ball, location: 2F 1-2: Ball 2-2: Ball 3-2: Base on Balls
|
|
Batting: SHB Matt Moore
|
0-0: Called Strike Boof Howell steals 2nd base 0-1: Ball 1-1: Called Strike 1-2: Ball 2-2: Foul Ball, location: 2F 2-2: Strikes out swinging
|
|
Batting: LHB Dong-u Chang
|
0-0: Foul Ball, location: 2F 0-1: Fly out, F8 (Flyball, 8LD, EV 91.9 MPH)
|
| Top of the 4th over - 0 runs, 0 hits, 0 errors, 1 left on base; Jacksonville 0 - Reading 3 |
| BOTTOM OF THE 4TH |
|
Reading Fightin Phils batting - Pitching for Jacksonville Suns : RHP Eric Stevenson
|
|
Batting: LHB Alex Fernandez
|
0-0: Called Strike 0-1: Called Strike 0-2: Ball 1-2: Foul Ball, location: 2F 1-2: Ball 2-2: Ball 3-2: Foul Ball, location: 2F 3-2: Ground out 6-3 (Groundball, 6, EV 104.4 MPH)
|
|
Batting: RHB Jose Corral
|
0-0: Ball 1-0: Foul Ball, location: 2F 1-1: Swinging Strike 1-2: Ball 2-2: Strikes out swinging
|
|
Batting: RHB Prabhukumar Santhanakrishnan
|
0-0: Ball 1-0: Ball 2-0: Ball 3-0: Called Strike 3-1: Base on Balls
|
|
Batting: LHB Doug Frampton
|
0-0: Called Strike 0-1: Ball 1-1: Ball 2-1: Ball 3-1: Base on Balls Prabhukumar Santhanakrishnan to second
|
|
Batting: RHB Tony Perez
|
0-0: Ground out 4-3 (Groundball, 4, EV 103.8 MPH)
|
| Bottom of the 4th over - 0 runs, 0 hits, 0 errors, 2 left on base; Jacksonville 0 - Reading 3 |
| TOP OF THE 5TH |
|
Jacksonville Suns batting - Pitching for Reading Fightin Phils : RHP Seizaburo Takahashi
|
|
Batting: RHB Miguel Velasco
|
0-0: Ball 1-0: Ball 2-0: Foul Ball, location: 2F 2-1: Called Strike 2-2: Foul Ball, location: 2F 2-2: Ball 3-2: Base on Balls
|
|
Batting: RHB Tom Thompson
|
0-0: Ball 1-0: Fielders Choice at 2nd, 4-6 (Groundball, 4, EV 91.9 MPH)
|
|
Pitching: RHP John Hughes
|
|
|
Batting: RHB Len Graham
|
0-0: Ball Tom Thompson steals 2nd, throwing error, E2 Tom Thompson to third 1-0: Reached via error on a dropped throw from 3B, E3 (Groundball, 56S, EV 64.4 MPH) Tom Thompson scores
|
|
Batting: LHB Orlando Rivera
|
0-0: Ball Len Graham steals 2nd base 1-0: Ball 2-0: Ball 3-0: Called Strike 3-1: Foul Ball, location: 2F 3-2: SINGLE (Groundball, 4MD, EV 102.5 MPH) Len Graham to third Runner from 3rd tries for Home, throw by CF and OUT! 8-2 Orlando Rivera to second
|
|
Now in CF: Alex Fernandez
|
|
|
Now in RF: Danny Zuniga
|
|
|
Batting: LHB Emilio Cordero
|
0-0: Called Strike 0-1: Swinging Strike 0-2: Ball 1-2: Ground out 5-3 (Groundball, 56, EV 101.2 MPH)
|
| Top of the 5th over - 1 run, 1 hit, 2 errors, 1 left on base; Jacksonville 1 - Reading 3 |
| BOTTOM OF THE 5TH |
|
Reading Fightin Phils batting - Pitching for Jacksonville Suns : RHP Eric Stevenson
|
|
Batting: RHB Chris Myers
|
0-0: Ball 1-0: Called Strike 1-1: Called Strike 1-2: Strikes out swinging
|
|
Batting: RHB Alan Weller
|
0-0: Ball 1-0: Ground out 6-3 (Groundball, 6, EV 87.5 MPH)
|
|
Batting: RHB Guan-pei Gao
|
0-0: Ball 1-0: Called Strike 1-1: Ball 2-1: Ball 3-1: Foul Ball, location: 2F 3-2: Foul Ball, location: 2F 3-2: Strikes out swinging
|
| Bottom of the 5th over - 0 runs, 0 hits, 0 errors, 0 left on base; Jacksonville 1 - Reading 3 |
| TOP OF THE 6TH |
|
Jacksonville Suns batting - Pitching for Reading Fightin Phils : RHP John Hughes
|
|
Batting: RHB Akira Suzuki
|
0-0: Called Strike 0-1: Swinging Strike 0-2: SINGLE (Groundball, 56, EV 103.1 MPH) (infield hit)
|
|
Batting: RHB Boof Howell
|
0-0: Ball Akira Suzuki steals 2nd, throwing error, E2 Akira Suzuki to third 1-0: Called Strike 1-1: Foul Ball, location: 2F 1-2: Ground out 4-3 (Groundball, 4, EV 94.4 MPH) Akira Suzuki scores
|
|
Batting: SHB Matt Moore
|
0-0: Called Strike 0-1: Swinging Strike 0-2: Strikes out swinging
|
|
Batting: LHB Dong-u Chang
|
0-0: Ball 1-0: Ground out 2-3 (Groundball, 2L, EV 70.6 MPH)
|
| Top of the 6th over - 1 run, 1 hit, 1 error, 0 left on base; Jacksonville 2 - Reading 3 |
| BOTTOM OF THE 6TH |
|
Reading Fightin Phils batting - Pitching for Jacksonville Suns : RHP Eric Stevenson
|
|
Pitching: RHP Matt Alexander
|
|
|
Batting: RHB Pablo Lopez
|
0-0: Ball 1-0: SOLO HOME RUN (Flyball, 78XD, EV 98.1 MPH), Distance : 402 ft
|
|
Batting: LHB Alex Fernandez
|
0-0: Ball 1-0: DOUBLE (Line Drive, 7LD, EV 107.5 MPH)
|
|
Pinch Runner at 2nd Danny Habermehl:
|
|
|
Batting: RHB Jose Corral
|
0-0: Ball 1-0: Called Strike 1-1: Ground out 6-3 (Groundball, 6, EV 88.1 MPH)
|
|
Batting: LHB Danny Zuniga
|
0-0: Ball 1-0: Ball 2-0: Called Strike 2-1: Foul Ball, location: 2F 2-2: Ball 3-2: Base on Balls
|
|
Batting: LHB Doug Frampton
|
0-0: SINGLE (Line Drive, 4MD, EV 94.4 MPH) Danny Habermehl to third Danny Zuniga to second Runner from 3rd tries for Home, throw by CF and OUT! 8-2 Danny Zuniga to third Doug Frampton to second
|
|
Batting: RHB Tony Perez
|
0-0: Ground out 6-3 (Groundball, 56, EV 102.5 MPH)
|
| Bottom of the 6th over - 1 run, 3 hits, 0 errors, 2 left on base; Jacksonville 2 - Reading 4 |
| TOP OF THE 7TH |
|
Jacksonville Suns batting - Pitching for Reading Fightin Phils : RHP John Hughes
|
|
Now in CF: Danny Habermehl
|
|
|
Batting: RHB Miguel Velasco
|
0-0: Ground out 1-3 (Groundball, 34S, EV 65.0 MPH)
|
|
Batting: RHB Tom Thompson
|
0-0: Ball 1-0: Foul Ball, location: 2F 1-1: Called Strike 1-2: Ball 2-2: Ground out 2-3 (Groundball, 15S, EV 75.0 MPH)
|
|
Batting: RHB Len Graham
|
0-0: Ball 1-0: Ball 2-0: Ball 3-0: Called Strike 3-1: Reached on error, E6 (Groundball, 56, EV 84.4 MPH)
|
|
Batting: LHB Orlando Rivera
|
0-0: Called Strike 0-1: Ball 1-1: Called Strike 1-2: SINGLE (Line Drive, 89S, EV 88.1 MPH) Len Graham to third Runner from 3rd tries for Home, SAFE, throw by RF to home
|
|
Batting: LHB Emilio Cordero
|
0-0: Called Strike Orlando Rivera steals 2nd base 0-1: Foul Ball, location: 2F 0-2: Ball 1-2: Ball 2-2: Ball 3-2: Foul Ball, location: 2F 3-2: Ground out U3 (Groundball, 23, EV 83.1 MPH)
|
| Top of the 7th over - 1 run, 1 hit, 1 error, 1 left on base; Jacksonville 3 - Reading 4 |
| BOTTOM OF THE 7TH |
|
Reading Fightin Phils batting - Pitching for Jacksonville Suns : RHP Matt Alexander
|
|
Batting: RHB Chris Myers
|
0-0: Ball 1-0: Ball 2-0: Ball 3-0: Called Strike 3-1: Base on Balls
|
|
Batting: RHB Alan Weller
|
0-0: Ball 1-0: Ball 2-0: Called Strike 2-1: SINGLE (Flyball, 89S, EV 90.0 MPH) Chris Myers to second Runner from 2nd tries for 3rd, SAFE, throw by RF made to third
|
|
Now in LF: Alberto Bravo
|
|
|
Now in RF: Tom Thompson
|
|
|
Batting: RHB Guan-pei Gao
|
0-0: 3-RUN HOME RUN (Flyball, 7D, EV 100.0 MPH), Distance : 350 ft
|
|
Pitching: RHP Campbell Wagenmakers
|
|
|
Batting: RHB Pablo Lopez
|
0-0: Ball 1-0: Ground out 5-3 (Groundball, 56, EV 100.6 MPH)
|
|
Batting: RHB Danny Habermehl
|
0-0: Called Strike 0-1: Ball 1-1: Ground out 5-3 (Groundball, 56S, EV 71.9 MPH)
|
|
Batting: RHB Jose Corral
|
0-0: Called Strike 0-1: Called Strike 0-2: Ground out U3 (Groundball, 34S, EV 84.4 MPH)
|
| Bottom of the 7th over - 3 runs, 2 hits, 0 errors, 0 left on base; Jacksonville 3 - Reading 7 |
| TOP OF THE 8TH |
|
Jacksonville Suns batting - Pitching for Reading Fightin Phils : RHP John Hughes
|
|
Pitching: LHP Eddie San Miguel
|
|
|
Batting: RHB Akira Suzuki
|
0-0: Fly out, F9 (Flyball, 89D, EV 96.9 MPH)
|
|
Batting: RHB Boof Howell
|
0-0: Foul Ball, location: 2F 0-1: Foul Ball, location: 2F 0-2: Strikes out swinging
|
|
Batting: RHB Alberto Bravo
|
0-0: Foul Ball, location: 2F 0-1: Fly out, F7 (Line Drive, 7, EV 93.1 MPH)
|
| Top of the 8th over - 0 runs, 0 hits, 0 errors, 0 left on base; Jacksonville 3 - Reading 7 |
| BOTTOM OF THE 8TH |
|
Reading Fightin Phils batting - Pitching for Jacksonville Suns : RHP Campbell Wagenmakers
|
|
Batting: LHB Danny Zuniga
|
0-0: Ball 1-0: Ball 2-0: SINGLE (Groundball, 3D, EV 103.8 MPH)
|
|
Batting: LHB Doug Frampton
|
0-0: Ball 1-0: Foul Ball, location: 2F 1-1: Fielders Choice at 2nd, 4-6 (Groundball, 4, EV 75.6 MPH)
|
|
Batting: RHB Tony Perez
|
0-0: Swinging Strike 0-1: Foul Ball, location: 2F 0-2: Foul Ball, location: 2F 0-2: Ball 1-2: Ball 2-2: SINGLE (Line Drive, 34D, EV 100.0 MPH) Doug Frampton to second Runner from 2nd tries for 3rd, SAFE, throw by RF made to third
|
|
Batting: RHB Chris Myers
|
0-0: Ball 1-0: Ball 2-0: SINGLE (Groundball, 56D, EV 98.1 MPH) Doug Frampton scores Tony Perez to second
|
|
Batting: RHB Alan Weller
|
0-0: Grounds into double play, 5-4-3 (Groundball, 56, EV 86.9 MPH)
|
| Bottom of the 8th over - 1 run, 3 hits, 0 errors, 1 left on base; Jacksonville 3 - Reading 8 |
| TOP OF THE 9TH |
|
Jacksonville Suns batting - Pitching for Reading Fightin Phils : LHP Eddie San Miguel
|
|
Batting: LHB Dong-u Chang
|
0-0: Ball 1-0: Ball 2-0: SINGLE (Groundball, 6M, EV 104.4 MPH) (infield hit)
|
|
Batting: RHB Miguel Velasco
|
0-0: Called Strike 0-1: Ball 1-1: Foul Ball, location: 2F 1-2: Ball 2-2: Grounds into double play, 6-4-3 (Groundball, 6, EV 103.1 MPH)
|
|
Batting: RHB Tom Thompson
|
0-0: Called Strike 0-1: Ball 1-1: Ball 2-1: Ball 3-1: Fly out, F8 (Flyball, 78M, EV 88.1 MPH)
|
| Top of the 9th over - 0 runs, 1 hit, 0 errors, 0 left on base; Jacksonville 3 - Reading 8 |
|